 Dungeon Crawl Stone Soup version 0.21-a0-518-g43a1781 (webtiles) character file.

3351 mieszko the Quickloader (level 10, -3/62 HPs)
             Began as a Kobold Hunter on Dec 4, 2017.
             Killed by the air
             ... invoked by Gastronok
              (28 damage)
             ... on level 8 of the Dungeon.
             The game lasted 00:22:14 (7415 turns).

mieszko the Quickloader (Kobold Hunter)             Turns: 7415, Time: 00:22:14

Health: -3/62      AC: 10    Str:  9    XL:     10   Next: 22%
Magic:  10/10      EV: 20    Int: 14    God:
Gold:   353        SH:  0    Dex: 20    Spells: 9/9 levels left

rFire    . . .     SeeInvis .   b - +2 dagger (venom)
rCold    . . .     Gourm    .   (shield restricted)
rNeg     . . .     Faith    .   c - +1 leather armour
rPois    +         Spirit   .   n - +2 helmet
rElec    .         Reflect  .   r - +1 cloak {rPois}
rCorr    .         Harm     .   (no gloves)
MR       +....     Rnd*Rage +   (no boots)
Stlth    +++.......             (no amulet)
HPRegen  0.20/turn              x - +2 ring of intelligence
MPRegen  0.12/turn              v - ring of poison resistance

@: no status effects
A: small, rugged brown scales 1, berserk 1, carnivore 3, magic resistance 1
a: no special abilities


You were on level 8 of the Dungeon.
You were hungry.

You visited 1 branch of the dungeon, and saw 9 of its levels.

You collected 353 gold pieces.

Inventory:

Hand Weapons
 a - a +1 hand crossbow
 b - a +2 dagger of venom (weapon)
 e - a +0 short sword
Missiles
 d - 53 bolts
 p - 3 tomahawks (quivered)
Armour
 c - a +1 leather armour (worn)
 n - a +2 helmet (worn)
 r - a +1 cloak of poison resistance (worn)
Jewellery
 u - an uncursed ring of ice
 v - a ring of poison resistance (right hand)
 x - a +2 ring of intelligence (left hand)
Wands
 q - a wand of iceblast (1)
Scrolls
 i - 5 scrolls of teleportation
 k - 2 scrolls of enchant armour
 l - a scroll of blinking
 o - 2 scrolls of fog
 s - a scroll of magic mapping
 w - 3 scrolls of remove curse
 A - a scroll of fear
 B - a scroll of identify
Potions
 h - a potion of brilliance
 j - a potion of agility {unknown}
 m - a potion of mutation
 t - 6 potions of flight
 E - a potion of cancellation
Books
 y - a book of Geomancy

   Spells                             Type                      Level
   a - Sandblast                      Earth                        1
   b - Passwall                       Transmutation/Earth          2
   c - Stone Arrow                    Conjuration/Earth            3
   d - Petrify                        Transmutation/Earth          4
   e - Lee's Rapid Deconstruction     Earth                        5
 C - a book of Misfortune

   Spells                             Type                      Level
   a - Confusing Touch                Hexes                        1
   b - Confuse                        Hexes                        3
   c - Gell's Gravitas                Translocation                3
   d - Petrify                        Transmutation/Earth          4
   e - Metabolic Englaciation         Hexes/Ice                    5
   f - Yara's Violent Unravelling     Hexes/Transmutation          5
Comestibles
 f - 2 meat rations
 g - 5 fruits


   Skills:
 + Level 6.5 Fighting
 + Level 6.9 Short Blades
 + Level 9.3 Crossbows
 + Level 3.9 Armour
 + Level 8.1 Dodging
 + Level 6.3 Stealth
 + Level 0.5 Evocations


You had 9 spell levels left.
You didn't know any spells.

Dungeon Overview and Level Annotations

Branches:
Dungeon (9/15)             Temple (0/1) D:6             Orc (0/2) D:9
   Lair: D:8-11

Altars:
Elyvilon
Fedhas
Gozag
Hepliaklqana
Makhleb
Qazlal
Vehumet

Shops:
D:8 [

Annotations:
D:3 Nattefrost's ghost, amateur DrMo
D:4 Fingolfin's ghost, amateur GnAr
D:7 Nattefrost's ghost, novice HOMo
D:8 Gastronok
D:9 Grum


Innate Abilities, Weirdness & Mutations

You are small and have problems with some larger weapons.
You are carnivorous and can eat meat at any time.
You are partially covered in rugged brown scales. (AC +1, +3% HP)
You tend to lose your temper in combat.
You are resistant to hostile enchantments. (MR+)


Message History

The hungry ghost is severely damaged.
The hungry ghost barely misses you.
You hit the hungry ghost.
The hungry ghost is almost destroyed.
You barely miss the hungry ghost.
The hungry ghost is almost destroyed.
The hungry ghost closely misses you.
Gastronok's eyestalks quiver as he mumbles some strange words.
You feel sluggish.
You hit the hungry ghost.
The hungry ghost is almost destroyed.
The hungry ghost closely misses you.
You closely miss the hungry ghost.
The hungry ghost is almost destroyed.
You miss the hungry ghost.
The hungry ghost is almost destroyed.
The hungry ghost completely misses you.
Gastronok waves his eye-stalks in wide circles.
The air twists around and strikes you!
You die...

###....###
.....#.....#
###....###
......###.#.#
#|...### .##....#
#...#
###....###..
.....# #..##
###....###......#
#..#
###.%..###.#..#
#..#
###....#.#..#
#..# ###.......#
#.## ###.@...#
###W#.# #w# .((
####( .. .. ..)
.(.


You could see Gastronok and a hungry ghost.

Vanquished Creatures
  Pikel (D:5)
  Prince Ribbit (D:8)
  A hornet (D:8)
  2 hippogriffs
  A black bear (D:7)
  4 ice beasts
  A sky beast (D:5)
  2 wolves (D:9)
  A centaur (D:8)
  An ogre (D:7)
  4 phantoms
  2 bullfrogs
  A scorpion (D:9)
  A howler monkey (D:6)
  A crimson imp (D:9)
  A quasit (D:9)
  3 hounds
  An orc priest (D:5)
  A jelly (D:7)
  A bullfrog skeleton (D:6)
  An iguana (D:6)
  3 orc wizards
  6 worker ants
  2 hound skeletons
  4 adders
  4 gnolls (D:4)
  2 shadow imps
  An adder zombie (D:6)
  3 worms (D:2)
  A dart slug (D:1)
  4 leopard geckos
  9 orcs
  A ball python (D:2)
  5 bats
  4 giant cockroaches
  9 goblins
  5 hobgoblins
  13 jackals
  2 kobolds
  6 quokkas
  7 frilled lizards
  A jackal skeleton (D:6)
  A jackal zombie (D:6)
  A quokka zombie (D:5)
  5 rats
131 creatures vanquished.

Vanquished Creatures (others)
  A slave (D:5)
  An orc wizard (D:5)
  A leopard gecko (D:5)
  2 orcs (D:5)
  8 plants (D:8)
13 creatures vanquished.

Grand Total: 144 creatures vanquished

Notes
Turn   | Place    | Note
-------+----------+-------------------------------------------
     0 | D:1      | mieszko the Kobold Hunter began the quest for the Orb.
     0 | D:1      | Reached XP level 1. HP: 12/12 MP: 1/1
   117 | D:1      | You fall through a shaft!
   139 | D:2      | Reached skill level 5 in Crossbows
   212 | D:2      | Reached XP level 2. HP: 17/17 MP: 2/2
   289 | D:2      | Reached XP level 3. HP: 19/21 MP: 3/3
   616 | D:2      | Reached skill level 1 in Short Blades
   616 | D:2      | Reached XP level 4. HP: 18/26 MP: 4/4
  1263 | D:1      | Reached skill level 6 in Crossbows
  1551 | D:1      | Reached skill level 1 in Armour
  1834 | D:3      | Noticed Nattefrost's ghost (amateur DrMo)
  2190 | D:4      | Found a hazy altar of Hepliaklqana.
  2206 | D:4      | Noticed a phantom
  2224 | D:4      | Killed a phantom
  2224 | D:4      | Reached XP level 5. HP: 28/31 MP: 5/5
  2295 | D:4      | Noticed a bullfrog
  2308 | D:4      | Killed a bullfrog
  2308 | D:4      | Reached XP level 6. HP: 27/36 MP: 6/6
  2755 | D:4      | Noticed Fingolfin's ghost (amateur GnAr)
  2790 | D:5      | Entered Level 5 of the Dungeon
  2790 | D:5      | Noticed a slave
  2792 | D:5      | Noticed Pikel
  2794 | D:5      | Noticed a slave
  2799 | D:5      | Noticed a slave
  2802 | D:5      | Noticed a slave
  2819 | D:5      | Killed Pikel
  2819 | D:5      | Reached skill level 7 in Crossbows
  2819 | D:5      | Reached XP level 7. HP: 7/42 MP: 7/7
  2819 | D:5      | Reached XP level 8. HP: 8/48 MP: 8/8
  3168 | D:5      | Reached skill level 5 in Dodging
  3524 | D:5      | Reached skill level 8 in Crossbows
  4071 | D:6      | Noticed a hippogriff
  4178 | D:5      | Gained mutation: You tend to lose your temper in combat. [potion of mutation]
  4178 | D:5      | Gained mutation: You are resistant to hostile enchantments. (MR+) [potion of mutation]
  4178 | D:5      | Gained mutation: You are partially covered in rugged brown scales. (AC +1, +3% HP) [potion of mutation]
  4192 | D:5      | Killed a hippogriff
  4448 | D:6      | Found a staircase to the Ecumenical Temple.
  4516 | D:6      | Reached XP level 9. HP: 50/54 MP: 9/9
  4811 | D:6      | Found an opulent altar of Gozag.
  4833 | D:6      | Found a stormy altar of Qazlal.
  4833 | D:6      | Found a white marble altar of Elyvilon.
  4843 | D:6      | Found a radiant altar of Vehumet.
  4887 | D:6      | Reached skill level 5 in Fighting
  5454 | D:7      | Reached skill level 5 in Short Blades
  5769 | D:7      | Noticed a hippogriff
  5836 | D:7      | Killed a hippogriff
  6042 | D:7      | Reached skill level 5 in Stealth
  6096 | D:7      | Noticed Nattefrost's ghost (novice HOMo)
  6122 | D:8      | Found Qesint's Antique Armour Boutique.
  6127 | D:8      | Noticed a hornet
  6128 | D:8      | Noticed Prince Ribbit
  6142 | D:8      | Killed a hornet
  6175 | D:8      | Noticed Gastronok
  6299 | D:8      | Killed Prince Ribbit
  6299 | D:8      | Reached skill level 9 in Crossbows
  6301 | D:8      | Noticed a meliai
  6314 | D:8      | Noticed a salamander
  6314 | D:8      | a meliai changed into a salamander
  6317 | D:8      | Noticed a moth of wrath
  6317 | D:8      | a salamander changed into a moth of wrath
  6599 | D:9      | Reached XP level 10. HP: 36/61 MP: 10/10
  6880 | D:9      | Noticed Grum
  6962 | D:9      | HP: 3/62 [ice beast (5)]
  7132 | D:8      | Found a burning altar of Makhleb.
  7133 | D:8      | Found a blossoming altar of Fedhas.
  7415 | D:8      | Killed from afar by Gastronok

Vault maps used:
D:1:      saegor_arrival_miasma
D:3:      overflow_temple_1_default, nemelex_xobeh_ov_fountains_minmay,
          first_bread, uniq_crazy_yiuf_cottage
D:4:      kennysheep_mini_moat, grunt_decor_one_mirror
D:5:      uniq_pikel
D:6:      grunt_temple_overflow_cloverleaf, minmay_temple_entry_statues_pillars
D:8:      minmay_tri_box, minitemple, david_lair_shrubbed, serial_shops, shop,
          shop, shop, uniq_gastronok, uniq_prince_ribbit1, uniq_maurice
D:9:      orc_0_dummy, uniq_grum

Skill      XL: |  1  2  3  4  5  6  7  8  9 10 |
---------------+-------------------------------+-----
Crossbows      | 5 6 7 8 9 |  9.3
Short Blades   | 1 2 3 4 6 |  6.9
Dodging        | 3 4 6 7 8 |  8.1
Armour         | 1 2 3 |  3.9
Stealth        | 2 3 4 5 6 |  6.3
Fighting       | 3 4 6 |  6.5
Evocations     | |  0.5

Action                   |  1- 3 |  4- 6 |  7- 9 | 10-12 || total
-------------------------+-------+-------+-------+-------++-------
Melee: Short sword       |    23 |       |       |       ||    23
       Dagger            |    17 |   114 |   280 |    63 ||   474
       Hand crossbow     |       |       |    54 |    13 ||    67
 Fire: Hand crossbow     |    33 |    35 |    70 |    25 ||   163
Evoke: Wand              |       |       |     2 |     1 ||     3
  Use: Potion            |       |     4 |     7 |     2 ||    13
       Scroll            |       |       |     7 |     2 ||     9
 Stab: Sleeping          |       |     2 |     4 |     2 ||     8
       Distracted        |       |       |       |     1 ||     1
  Eat: Chunk             |     5 |     9 |    11 |     2 ||    27
Armor: Leather armour    |    13 |    32 |   108 |    35 ||   188
Dodge: Dodged            |    41 |   104 |   315 |   144 ||   604

Table legend:
 A = Spawn XP
 B = Non-spawn XP
 C = Spawn XP percentage of total XP
 D = Spawn monster count
 E = Non-spawn monster count
 F = Spawn count percentage of total count
 G = Total turns spent on level
                    A         B        C        D         E        F      G
               +---------+---------+-------+---------+---------+-------+---------
         Total |       0 |    4788 |   0.0 |       0 |     131 |   0.0 |  7415
               +---------+---------+-------+---------+---------+-------+---------
           D:1 |       0 |      34 |   0.0 |       0 |      19 |   0.0 |   845
           D:2 |       0 |      84 |   0.0 |       0 |      22 |   0.0 |  1007
           D:3 |       0 |      13 |   0.0 |       0 |       7 |   0.0 |   330
           D:4 |       0 |     314 |   0.0 |       0 |      10 |   0.0 |   850
           D:5 |       0 |    1356 |   0.0 |       0 |      21 |   0.0 |  1278
           D:6 |       0 |     425 |   0.0 |       0 |      24 |   0.0 |   849
           D:7 |       0 |    1008 |   0.0 |       0 |      13 |   0.0 |  1049
           D:8 |       0 |     854 |   0.0 |       0 |       6 |   0.0 |   559
           D:9 |       0 |     700 |   0.0 |       0 |       9 |   0.0 |   648
               +---------+---------+-------+---------+---------+-------+---------
